 Dungeon Crawl Stone Soup version 0.29-a0-791-ga0f254aafb (webtiles) character file.

Game seed: 2765801084768764611

569 Malachi the Cutter (level 7, 0/75 HPs)
             Began as a Demonspawn Brigand on July 3, 2022.
             Succumbed to an orc wizard's poison
             ... on level 5 of the Dungeon.
             The game lasted 00:05:28 (5670 turns).

Malachi the Cutter (Demonspawn Brigand)             Turns: 5670, Time: 00:05:29

Health: 0/75       AC:  3    Str: 11    XL:     7   Next: 11%
Magic:  2/7        EV: 11    Int: 12    God:
Gold:   179        SH:  0    Dex: 17    Spells: 6/6 levels left

rFire   . . .      SeeInvis .   a - +2 dagger
rCold   . . .      Faith    .   (no shield)
rNeg    . . .      Spirit   +   b - +0 robe
rPois   .          Reflect  .   (helmet restricted)
rElec   .          Harm     .   c - +0 cloak
rCorr   +          Rampage  .   (no gloves)
Will    .....      Clarity  +   (no boots)
Stlth   ..........              g - amulet of guardian spirit
HPRegen 0.22/turn               u - ring of resist corrosion
MPRegen 0.10/turn               (no ring)

@: brilliant, berserking (expiring), lethally poisoned (0 -> -4), very quick
A: horns 1, powered by pain 1, clarity
a: no special abilities


You were on level 5 of the Dungeon.
You visited 1 branch of the dungeon, and saw 5 of its levels.

You collected 179 gold pieces.

Inventory:

Hand Weapons
 a - a +2 dagger (weapon)
 p - a +0 long sword
 r - a +0 dagger of distortion
Missiles
 d - 18 poisoned darts (quivered)
 e - 3 curare-tipped darts
Armour
 b - a +0 robe (worn)
 c - a +0 cloak (worn)
Jewellery
 g - an amulet of guardian spirit (around neck)
 u - a ring of resist corrosion (left hand)
Scrolls
 f - a scroll of magic mapping
 h - a scroll of enchant armour
 j - a scroll of fog
 o - a scroll of immolation {unknown}
 s - a scroll of summoning {unknown}
 t - a scroll of identify
 v - a scroll of silence {unknown}
 w - a scroll of blinking {unknown}
Potions
 k - a potion of mutation
 l - a potion of invisibility
 n - a potion of brilliance


   Skills:
 - Level 2.0 Fighting
 * Level 7.1 Short Blades
 - Level 1.7 Throwing
 - Level 0.8 Dodging
 - Level 3.8 Stealth


You had 6 spell levels left.
You didn't know any spells.
Your spell library contained the following spells:

 Spells                   Type           Power      Damage    Failure   Level
 Ensorcelled Hibernation  Hex/Ice        0%         N/A       45%         2
 Passwall                 Tmut/Erth      0%         N/A       45%         2
 Swiftness                Air            0%         N/A       69%         3


Dungeon Overview and Level Annotations

Branches:
Dungeon (5/15)
 Temple: D:4-7

Altars:
Kikubaaqudgha
Qazlal
Wu Jian


Innate Abilities, Weirdness & Mutations

You have a pair of small horns on your head.
You sometimes gain a little power by taking damage.
You possess an exceptional clarity of mind.


Message History

You feel sick.
You are no longer poisoned.
A magic dart appears from out of thin air!
The magic dart hits something but does no damage.
It was a potion of haste.
You feel yourself speed up.
It was a potion of invisibility.
You fade into invisibility!
Something hits you.
* * * LOW HITPOINT WARNING * * *
It was a potion of cancellation.
Your magical effects are unravelling.
You feel magically purged.
You feel yourself slow down.
You flicker back into view.
Something hits you.
* * * LOW HITPOINT WARNING * * *
It was a potion of brilliance.
You feel clever all of a sudden. Something hits you.
* * * LOW HITPOINT WARNING * * *
It was a potion of berserk rage.
A red film seems to cover your vision as you go berserk!
You feel yourself moving faster!
You feel mighty! Something hits you.
* * * LOW HITPOINT WARNING * * *
You puncture something! You punch something. You puncture something!
Reactivating autopickup.
You feel a bit more experienced.
You puncture the orc!
You kill the orc!
Something hits you but does no damage.
You are lethally poisoned!
Deactivating autopickup; reactivate with Ctrl-A.
Things that are here:
a +0 dagger of protection; a +0 dagger; a +0 robe You feel a strong urge to attack something.
* * * LOW HITPOINT WARNING * * *
You feel sick.
There is a lethal amount of poison in your body!
There is a lethal amount of poison in your body!
You die...

.######.# #########
......... #.......
#######.# #......
#.# #.....
..########.# #....
.......<##.. ...
..#####..... ##.#
###..^ #.@# ####...
#.## #......
#)######## ##.##...
#......).# #..##..#
########.###.####.#
#..#..# #.# ##.#.##
#.# #..{.# #.#
.....oo.....# #.#


There were no monsters in sight!

Vanquished Creatures
  A water moccasin (D:5)
  A centaur (D:5)
  A necrophage (D:4)
  A bouda (D:4)
  An orc priest (D:3)
  A hound (D:4)
  An iguana (D:5)
  3 orc wizards
  3 gnolls (D:5)
  3 adders
  3 worms
  3 dart slugs
  5 orcs
  5 bats
  5 endoplasms
  8 hobgoblins
  3 jackals (D:3)
  8 kobolds
  A quokka (D:4)
  5 ball pythons
  5 frilled lizards
  6 goblins
  6 rats
79 creatures vanquished.

Notes
Turn   | Place    | Note
-------+----------+-------------------------------------------
     0 | D:1      | Malachi the Demonspawn Brigand began the quest for the Orb.
     0 | D:1      | Reached XP level 1. HP: 16/16 MP: 1/1
    70 | D:1      | Reached skill level 2 in Short Blades
   145 | D:1      | Gained mutation: You sometimes gain a little power by
                  | taking damage. [demonic ancestry]
   145 | D:1      | Reached XP level 2. HP: 22/22 MP: 2/2
  1017 | D:2      | Reached skill level 3 in Short Blades
  1017 | D:2      | Reached XP level 3. HP: 20/27 MP: 1/3
  1631 | D:2      | Found a stormy altar of Qazlal.
  1692 | D:2      | Found a faded altar of an unknown god.
  2151 | D:2      | HP: 1/27 [something (2)]
  2153 | D:2      | Gained mutation: You possess an exceptional clarity of
                  | mind. [potion of mutation]
  2177 | D:2      | Gained mutation: You have a pair of small horns on your
                  | head. [demonic ancestry]
  2177 | D:2      | Reached XP level 4. HP: 11/33 MP: 2/4
  2413 | D:3      | Reached skill level 4 in Short Blades
  3278 | D:3      | Found an ancient bone altar of Kikubaaqudgha.
  3691 | D:4      | Reached XP level 5. HP: 33/38 MP: 5/5
  4005 | D:4      | Reached skill level 5 in Short Blades
  4357 | D:4      | Found an ornate altar of the Wu Jian Council.
  4765 | D:5      | Entered Level 5 of the Dungeon
  4765 | D:5      | Noticed a water moccasin
  4766 | D:5      | Killed a water moccasin
  4767 | D:5      | Reached skill level 6 in Short Blades
  4767 | D:5      | Reached XP level 6. HP: 44/44 MP: 6/6
  5301 | D:5      | Reached XP level 7. HP: 8/50 MP: 3/7
  5641 | D:5      | Reached skill level 7 in Short Blades
  5663 | D:5      | HP: 2/50 [something (1)]
  5669 | D:5      | HP: 1/75 [poisoned by an orc wizard]
  5670 | D:5      | Succumbed to an orc wizard's poison

Illustrated notes

Levels and vault maps discovered:
D:1:      noname_arrival_rooms_in_the_neighbourhood, layout_basic,
          serial_forest, infiniplex_forest_diagonal, infiniplex_forest_lined_2,
          infiniplex_forest_zigzag_1, infiniplex_forest_end_double,
          infiniplex_forest_straight_2
D:2:      layout_loops_corners, basic_ecumenical_altar, basic_altar
D:3:      layout_basic, general_overflow_altar, minmay_misc_feat_hallway,
          minmay_liquid_box, grunt_decor_mini_mirrors
D:4:      layout_basic, nzn_wu_jian_council_hall
D:5:      layout_rooms, kennysheep_mini, uniq_edmund, uniq_sigmund,
          uniq_crazy_yiuf_cottage

Skill      XL: |  1  2  3  4  5  6  7 |
---------------+----------------------+-----
Short Blades   | 2 3 4 6 7 |  7.1
Fighting       | |  2.0
Throwing       | |  1.7
Dodging        | |  0.8
Stealth        | |  3.8

Action                   |  1- 3 |  4- 6 |  7- 9 || total
-------------------------+-------+-------+-------++-------
Melee: Dagger            |   123 |   153 |    37 ||   313
       Punch             |     1 |     3 |     1 ||     5
       Headbutt          |       |    42 |     7 ||    49
  Use: Potion            |     4 |     1 |     5 ||    10
       Scroll            |       |     3 |       ||     3
 Stab: Sleeping          |    15 |    10 |       ||    25
Armor: Robe              |    24 |    15 |     5 ||    44
       Skin              |    15 |     6 |       ||    21
Dodge: Dodged            |    51 |    80 |     9 ||   140

Table legend: (Time is in decaauts)
 A = Elapsed time spent in this place.
 B = Non-inter-level travel time spent in this place.
 C = Inter-level travel time spent in this place.
 D = Time resting spent in this place.
 E = Time spent auto-exploring this place.
 F = Levels seen in this place.
 G = Mean time per level.
                   A        B        C        D        E       F      G
               +--------+--------+--------+--------+--------+-----+--------+
         Total |   5599 |   5267 |    332 |   1176 |   3339 |   5 | 1119.8 |
       Dungeon |   5599 |   5267 |    332 |   1176 |   3339 |   5 | 1119.8 |
               +--------+--------+--------+--------+--------+-----+--------+

Top non-repeatable levels by time:
     D:4: 1591 daAuts
     D:2: 1415 daAuts
     D:3: 1133 daAuts
     D:1: 951 daAuts
     D:5: 507 daAuts
